Cogmind - Beta 15 @@@ ROGUE MODE // 2025.08.06 @ 15:55:55 // AFD2020/Player2 Player: Lyla Result: Core destroyed Performance ------------- Evolutions (0) 0 Regions Visited (2) 400 Robots Destroyed (12) 60 Value Destroyed (180) 180 Prototype IDs (0) 0 Alien Tech Used (0) 0 Bonus (110) 110 TOTAL SCORE: 750 Bonus ------- Follower Combat Kills 110 Cogmind --------- Core Integrity 0/250 Matter 293/300 Energy 125/125 System Corruption 0% Temperature Cool (0) Movement Flying (37) Location -10/Subcaves Parts ------- > --- POWER (1) -------- Light Ion Engine > --- PROPULSION (2) --- Flight Unit Flight Unit > --- UTILITY (2) ------ Terrain Scanner Terrain Scan Processor > --- WEAPON (2) ------- Light Assault Rifle > --- INVENTORY (5) ---- Small Storage Unit Transport Network Coupler Peak State ------------ > --- POWER ------------ Light Ion Engine > --- PROPULSION ------- Flight Unit Flight Unit > --- UTILITY ---------- Terrain Scanner Terrain Scan Processor > --- WEAPON ----------- Small Laser Light Assault Rifle > --- INVENTORY -------- Small Storage Unit Large Storage Unit Huge Storage Unit [Rating: 8] Favorites ----------- Power Light Ion Engine Engine Light Ion Engine Propulsion Flight Unit Treads Light Treads Leg Aluminum Leg Hover Unit Backup Propulsion I Flight Unit Flight Unit Utility Terrain Scanner Device Terrain Scanner Storage Small Storage Unit Processor Terrain Scan Processor Weapon Light Assault Rifle Energy Gun Small Laser Ballistic Gun Light Assault Rifle Build | -11 -10 -10 ------- Run | Yrd Mat Sub Slots Evolved . | . . . Power . | . . . Propulsion . | . . . Utility . | . . . Weapon . | . . . Parts Attached 16 | 8 7 1 Power 1 | 1 . . Engine 1 | 1 . . Core . | . . . Reactor . | . . . Propulsion 7 | 4 2 1 Treads 2 | 2 . . Leg 2 | 2 . . Wheel . | . . . Hover . | . . . Flight 3 | . 2 1 Utility 6 | 1 5 . Device 1 | . 1 . Storage 4 | 1 3 . Processor 1 | . 1 . Hackware . | . . . Protection . | . . . Artifact . | . . . Weapon 2 | 2 . . Energy Gun 1 | 1 . . Energy Cannon . | . . . Ballistic Gun 1 | 1 . . Ballistic Cannon . | . . . Launcher . | . . . Special Weapon . | . . . Impact Weapon . | . . . Slashing Weapon . | . . . Piercing Weapon . | . . . Special Melee Weapon . | . . . Unidentified Prototypes . | . . . Parts Lost 2 | . . 2 Power . | . . . Propulsion 1 | . . 1 Utility . | . . . Weapon 1 | . . 1 Highest Loss Streak 1 | . . 1 To Critical Strikes . | . . . Average Backups 2 | 2 2 2 Power . | . . . Propulsion . | 1 . . Utility 1 | . 2 2 Weapon . | . . . Tool/Special . | . . . Unused Backups 4 | . 3 1 Power 1 | . 1 . Propulsion . | . . . Utility 2 | . 1 1 Weapon 1 | . 1 . Tool/Special . | . . . Average Slot Usage (%) 94 | . 96 86 Engine 14 | . 14 14 Leg 7 | . 9 . Flight 19 | . 17 28 Device 12 | . 11 14 Storage 6 | . 8 . Processor 6 | . 4 14 Energy Gun 11 | . 14 1 Ballistic Gun 14 | . 14 14 Peak Build Rating 8 | 6 8 8 Average Rating 6 | 4 7 7 On Entrance 4 | . 6 8 Naked Turns . | . . . Heaviest Build 87 | 10 87 6 Greatest Support 40 | 40 20 8 Greatest Overweight (x) 4 | . 4 . Average Overweight (x) . | . . . Largest Inventory Capacity 25 | 8 25 5 Average Capacity 6 | 7 6 5 Most Carried 6 | 6 6 3 Average Carried 2 | 2 2 2 Final Capacity 8 | 8 5 5 Final Carried 4 | 4 3 4 Class Distribution -------------------- 100% | Mutant Dominant Class ---------------- Mutant | -10/Materials Mutant | -10/Subcaves Resources | -11 -10 -10 ----------- Run | Yrd Mat Sub Matter Collected 446 | 225 202 19 Remotely . | . . . Salvage Created 453 | . 453 . Parts 25 | . 25 . Haulers Intercepted 1 | . 1 . Recyclers Shooed 2 | . 2 . Parts Field Recycled . | . . . Retrieved Matter . | . . . Parts Self-Destructed 6 | . . 6 Prevented . | . . . Kills | -11 -10 -10 ------- Run | Yrd Mat Sub Combat Hostiles Destroyed 6 | . 6 . Guns 6 | . 6 . Classes Destroyed 7 | . 7 . Builder 1 | . 1 . Hauler 1 | . 1 . Recycler 2 | . 2 . Mechanic 1 | . 1 . Watcher 1 | . 1 . Swarmer 3 | . 3 . Grunt 3 | . 3 . Best Kill Streak 4 | . 4 . Combat Bots Only 3 | . 3 . Max Kills in Single Turn 2 | . 2 . Gunslinging 1 | . 1 . Exploded . | . . . Melee . | . . . Uniques/NPCs Destroyed . | . . . Combat | -11 -10 -10 -------- Run | Yrd Mat Sub Hostile Shots Fired 30 | . 28 2 Missed 7 | . 6 1 Hits 23 | . 22 1 Projectile 23 | . 22 1 AOE 2 | . . 2 Damage Taken 308 | . 180 128 Core 109 | . 63 46 Absorbed by Shields . | . . . Regen/Repaired (Parts) 14 | . 14 . Core Remaining (%) 100 | 100 . . Volleys Fired 50 | . 33 17 Largest 2 | . 2 2 Hottest 60 | . 60 60 Shots Fired 84 | . 66 18 Gun 84 | . 66 18 Cannon . | . . . Launcher . | . . . Special . | . . . Kinetic 50 | . 33 17 Thermal 34 | . 33 1 Explosive . | . . . Electromagnetic . | . . . Robot Hit Streak 7 | . 7 6 Robot Miss Streak 3 | . 3 1 Penetration Max . | . . . Secondary Targets 1 | . 1 . Max Gunslinging Chain 1 | . 1 . Shots Hit Robots 54 | . 38 16 Core Hits 23 | . 21 2 Critical Kills 1 | . 1 . Critical Parts Destroyed . | . . . Critical Strikes 2 | . 1 1 Destroy 2 | . 1 1 Melee Attacks . | . . . Impact . | . . . Slashing . | . . . Piercing . | . . . Sneak Attacks . | . . . Combat Hostiles . | . . . Follow-up Attacks . | . . . Damage Inflicted 481 | . 360 121 Guns 481 | . 360 121 Cannons . | . . . Explosions . | . . . Melee . | . . . Ramming . | . . . Kinetic 267 | . 156 111 Thermal 214 | . 204 10 Explosive . | . . . Electromagnetic . | . . . Impact . | . . . Slashing . | . . . Piercing . | . . . Highest Corruption . | . . . Average Corruption . | . . . Corruption Purged . | . . . Corruption Blocked . | . . . Overload Shots . | . . . Overflow Damage . | . . . Projectiles . | . . . Explosions . | . . . Melee . | . . . Knockbacks . | . . . Impact . | . . . Kinetic . | . . . Secondary . | . . . Self-Inflicted Damage . | . . . Shots . | . . . Rammed . | . . . Targets Rammed . | . . . Kicked . | . . . Crushed . | . . . Highest Temperature 104 | . 104 . Average Temperature 37 | . 37 . Received Heat Transfer 54 | . 36 18 Siege Activations . | . . . Martial Activations . | . . . Shielding Activations . | . . . Robots Disrupted . | . . . Combat Hostiles . | . . . Robots Corrupted . | . . . Combat Hostiles . | . . . Parts Fried . | . . . Impact Corruptions . | . . . Robots Melted . | . . . Combat Hostiles . | . . . Parts Melted 1 | . 1 . Heat Transferred 500 | . 475 25 Parts Sabotaged . | . . . Parts Stolen . | . . . Parts Stripped . | . . . Power Chain Reactions . | . . . Alert | -11 -10 -10 ------- Run | Yrd Mat Sub Maximum Alert Level . | . . . Low Security (%) 100 | 100 100 . Level 1 . | . . . Level 2 . | . . . Level 3 . | . . . Level 4 . | . . . Level 5 . | . . . High Security . | . . . Max Security . | . . . Peak Influence 116 | . 116 . Initial . | . . . Average 49 | . 53 . Influence Increases 292 | . 292 . Destroy 0b10 Robot/C 160 | . 160 . Destroy 0b10 Robot/NC 30 | . 30 . Destroy Leader 34 | . 34 . Allied During Kill 52 | . 52 . Successful Hack 16 | . 16 . Influence Decreases 292 | . 224 68 Entered New Map 33 | . . 33 Time Decay 249 | . 224 25 Lost Part 10 | . . 10 Squads Dispatched 3 | . 3 . Investigation 2 | . 2 . Extermination . | . . . Reinforcement 1 | . 1 . Assault . | . . . Garrison . | . . . Intercept . | . . . Searches Triggered . | . . . Construction Impeded . | . . . Haulers Reinforced . | . . . Active Scanning Responses . | . . . Cargo Convoy Interrupts . | . . . Stealth | -11 -10 -10 --------- Run | Yrd Mat Sub Distress Signals 2 | . 2 . Communications Jammed . | . . . Distress Signals . | . . . Times Spotted 16 | . 13 3 Peak Tracking Total 5 | . 5 2 Tactical Retreats . | . . . Traps | -11 -10 -10 ------- Run | Yrd Mat Sub Traps Triggered . | . . . Indirectly . | . . . Trap Hack Attempts . | . . . Triggered . | . . . Disarmed . | . . . Reprogrammed . | . . . Reused . | . . . Traps Extracted . | . . . Installed . | . . . Triggered . | . . . Machines | -11 -10 -10 ---------- Run | Yrd Mat Sub Machines Disabled . | . . . Max in Single Turn . | . . . Machines Repaired . | . . . Machines Dismantled . | . . . Machines Sabotaged . | . . . Overloaded Fab Kills . | . . . Hacking | -11 -10 -10 --------- Run | Yrd Mat Sub Machines Accessed 6 | . 6 . Terminals 4 | . 4 . Fabricators . | . . . Repair Stations 1 | . 1 . Recycling Units 1 | . 1 . Scanalyzers . | . . . Garrison Access . | . . . Total Hacks 15 | . 15 . Successful 7 | . 7 . Failed 8 | . 8 . Catastrophic 2 | . 2 . Database Lockouts . | . . . Manual . | . . . Terminals 8 | . 8 . Fabricators . | . . . Repair Stations 3 | . 3 . Recycling Units 4 | . 4 . Scanalyzers . | . . . Garrison Access . | . . . Terminal Hacks 3 | . 3 . Robot Analysis 1 | . 1 . Dispatch Records 1 | . 1 . Zone Layout 1 | . 1 . Fabricator Hacks . | . . . Repair Station Hacks 3 | . 3 . Scan Component 1 | . 1 . Repair 1 | . 1 . Refit 1 | . 1 . Recycling Unit Hacks 1 | . 1 . Report Inventory 1 | . 1 . Scanalyzer . | . . . Garrison Access Hacks . | . . . Unauthorized Hacks . | . . . Terminals . | . . . Fabricators . | . . . Repair Stations . | . . . Recycling Units . | . . . Scanalyzers . | . . . Garrison Access . | . . . Data Cores Recovered . | . . . Used . | . . . Hacking Detections 5 | . 5 . Full Trace Events 1 | . 1 . Feedback Events . | . . . Feedback Blocked . | . . . Robot Schematics Acquired . | . . . Robots Built . | . . . Authchips . | . . . Time . | . . . Total Robot Build Rating . | . . . Part Schematics Acquired . | . . . Parts Built . | . . . Authchips . | . . . Time . | . . . Total Part Build Rating . | . . . Parts Repaired 1 | . 1 . Time 26 | . 26 . Parts Recycled . | . . . Recycled Matter . | . . . Retrieved Matter . | . . . Retrieved Components . | . . . Parts Scanalyzed . | . . . Part Schematics Acquired . | . . . Parts Damaged . | . . . Bothacking | -11 -10 -10 ------------ Run | Yrd Mat Sub Used RIF Installer . | . . . Robots Hacked . | . . . Non-combat . | . . . Combat . | . . . Robot Hacks Applied . | . . . Relay Couplers Released . | . . . Fabnet Peak Effective % . | . . . Robots Rewired . | . . . Allies Hacked . | . . . Hacks Repelled . | . . . Allies | -11 -10 -10 -------- Run | Yrd Mat Sub Total Allies 1 | . 1 . Largest Group 1 | . 1 1 Highest-Rated Group 58 | . 57 58 Highest-Rated Ally 58 | . 57 58 Total Orders . | . . . Ally Attacks 20 | . 7 13 Total Damage 268 | . 83 185 Kills 4 | . 2 2 Allies Corrupted . | . . . Allies Melted . | . . . Intel | -11 -10 -10 ------- Run | Yrd Mat Sub Active Infowar (turns) 861 | . 633 228 Terrain 861 | . 633 228 Robot Analysis Total 1 | . 1 . Derelict Logs Recovered 1 | . . 1 Drone Launches . | . . . Drone Recoveries . | . . . Exploration | -11 -10 -10 ------------- Run | Yrd Mat Sub Turns Passed 1038 | 66 744 228 Spaces Moved 914 | 40 651 223 Core 5 | 5 . . Treads 14 | 14 . . Legs 189 | 21 168 . Wheels . | . . . Hover 18 | . 18 . Flight 688 | . 465 223 Fastest Speed 37 | 50 37 37 Average Speed 58 | 125 62 37 Slowest Speed 400 | 160 400 37 Overloaded Moves . | . . . Propulsion Burnouts . | . . . Robots Hopped . | . . . Potential Cave-ins . | . . . Cave-ins Triggered . | . . . Exploration Rate (%) 31 | 3 78 12 Regions Visited 2 Branch Regions 1 Pre-discovered Areas . | . . . Known Exits Taken . | . . . Unknown Exits Taken 2 | 1 1 . Scrap Searched . | . . . Spaces Dug . | . . . Terrain Destroyed . | . . . Melee . | . . . Projectile . | . . . AOE . | . . . Terrain Rammed . | . . . Walls Destroyed . | . . . Machines Disabled . | . . . Actions | -11 -10 -10 --------- Run | Yrd Mat Sub Total 1340 | 53 933 354 Wait 330 | . 217 113 Move 912 | 39 650 223 Hop . | . . . Pick Up 15 | 6 9 . Fast Attach 7 | 4 3 . Attach 6 | 2 3 1 Detach 2 | . 2 . Swap 6 | 2 4 . Drop 12 | . 12 . Fire 50 | . 33 17 Melee . | . . . Ram . | . . . Kick . | . . . Crush . | . . . Escape Stasis . | . . . Rewire . | . . . Trap . | . . . Miscellaneous . | . . . Route ------- -11/Scrapyard -10/Materials (discovered 6 exits: [*Mat x3] / [*Min x2] / [*Sub]) -10/Subcaves History --------- Turn | Location | Event 20 | -11/Scrapyard | Discovered new exit (range 16) 67 | -11/Scrapyard | Entered Materials 68 | -10/Materials | Met a group of wandering Federalists 104 | -10/Materials | Discovered new exit (range 15) 222 | -10/Materials | Discovered new exit (range 13) 274 | -10/Materials | Discovered new exit (range 14) 313 | -10/Materials | Build established: Mutant 455 | -10/Materials | Repaired Flight Unit 501 | -10/Materials | Discovered new exit (range 13) 595 | -10/Materials | Discovered new exit (range 10) 596 | -10/Materials | Discovered new exit (range 8) 811 | -10/Materials | Entered Subcaves 812 | -10/Subcaves | Continued accompanying wandering Federalists (2) 812 | -10/Subcaves | Learned Materials non-interactive machine intel 847 | -10/Subcaves | Core integrity fell below 50% 1030 | -10/Subcaves | Core integrity fell below 20% 1039 | -10/Subcaves | Core destroyed Last Messages --------------- around here somewhere, does anyone remember where it is?" KK-BKL(R) destroyed. Subatomizers dissect the Disposable Heat Sink. 02-4QW(R) affixes Scrap Shield Fragment to Scrap Shield. 02-4QW(R) destroyed. Acquired 9 matter. Subatomizers dissect the Disposable Heat Sink. Player 2 drops Grenade Launcher. Player 2: "It's dangerous to go alone. Take this." Subatomizers dissect the Grenade Launcher. Player 2: "Did you take that Flight Unit from my inventory? I coulda sworn I had one just like that..." Flight Unit destroyed. Acquired 10 matter. IQ-E59(R) suffers critical hit (Destroy). Map ----- +----------------------------------------------------+ | ?????????????????????????????????????????????????? | | ?????????????????????????????????????????????????? | | ?????????????????????????????????????????????????? | | ?????????????????????????????????????????????????? | | ?????????????????????????????????????????????????? | | ?????????????????????????????????????????????????? | | ??? ?????????????????????????????????????????????? | | ????? ???????????????????????????????????????????? | | ????? #??????????????????????????????????????????? | | ????? ?#????????????????????????????????????????? | | ????? ??????????????????????????????????????????? | | ????? ##????????????????????????????????????????? | | ##??? #?????????????#??????#???????????????????? | | #???# #??????##??????#?#???#?#?????????????????? | | #?### ##??#### ###?#####??????##???????????????? | | ##?# ###?# #### ##???? ##??????????????? | | ### ###?# ## ?##? #???????????????? | | ? #? ?##?? #??#? ##???????????????? | | ???### #??##??# ##?# ##???????????????? | | ##?# ##?####?# #### #????????????????? | | ??### #??#?#### ## ##???????????????? | | ##### ##?###### ## #?????????????????? | | #### ##?##### ## #??????????????????? | | ### ### ###??##????????????? | | ## #?????##??##???????????? | | ### % @#????#?????????????????? | | #### #### ##?##??#??????????? | | ######## #####@ ##?#?????????????? | | ####?# #####?## ##??#????????????? | | ????### #####?##?# R ##????????????????? | | ?#??### ###??#?##### ## #??? ?????????????? | | ?#??#####?#???? ?# ##?### #??#??????????????? | | ? #?####?? ###??#??##??? ?????????????? | | ?? ####? ?## ##?? ?????#?????????????????? | | #????#?#" ## # ???????????#???????????????? | | #?## ?# ???# # ?#?? ? ????????????????????? | | ?#????????#" ?? ?????????? ?????????????????? | | ?##????#?#? ? ?????????????????????????????? | | #???#?#??#?? #### ?#????? ?? ??????????????????? | | ???#???#???######?##?????#???????????????????????? | | ???#?##?#?#??????#???????????#???????????????????? | | ?????####?#??????#??????#????????????????????????? | | ???????????###???????#?????#?????????????????????? | | ?????????????????????????????????????????????????? | | ????????????????????##???????????????????????????? | | ?????????????????????????????????????????????????? | | ?????????????????????????????????????????????????? | | ?????????????????????????????????????????????????? | | ?????????????????????????????????????????????????? | | ?????????????????????????????????????????????????? | +----------------------------------------------------+ Best States ------------- Heat Dissipation 25 Energy Generation 10 Energy Capacity 225 Matter Stores 300 Matter Capacity 400 Sight Range 16 Terrain Scan Range 14 Terrain Scan Density 85 Evasion (%) 62 Recoil Reduction 2 Item Schematics ----------------- None Robot Schematics ------------------ None Fabricated ------------ Nothing Repaired ---------- Flight Unit | 30% | -10/Materials Alien Tech Used ----------------- None Achievements -------------- None Challenges ------------ None Player 2 | -11 -10 -10 ---------- Run | Yrd Mat Sub Slots Evolved . | . . . Power . | . . . Propulsion . | . . . Utility . | . . . Weapon . | . . . Parts Attached 14 | . 13 1 Parts Lost . | . . . Damage Taken 390 | . 22 368 Core 147 | . . 147 Player 2/Cogmind (%) 57 | . . 76 Absorbed by Shields . | . . . Damage Inflicted 268 | . 83 185 Player 2/Cogmind (%) 35 | . 18 60 Combat Hostiles Destroyed 4 | . 2 2 Player 2/Cogmind (%) 40 | . 25 100 Game ------ Seed WeldingSmallParser Manual? 0 Play Time 00:15:55 Cumulative 4.9 hours Start 2025.08.06 @ 15:40:03 End 2025.08.06 @ 15:55:55 Sessions 1 Manual Loads 0 Difficulty Rogue Special Mode AFD2020/Player2 Game No. 8 Rogue 8 Adventurer 0 Explorer 0 Win Type - Total 0 Types 0/0/0/0/0/0/0/0/0/0 Lore% 6 Gallery% 8 Achievement% 10 Wizard Run 0 Options --------- Layout 2 ASCII 0 Keyboard 0 Movement Mouse Keybinds 0 Fullscreen 1 Font 24/Smallcaps Map View 50x44 Zoom Use 0% Tactical HUD 0 Map Filters NONE Filters NONE Steam 1 RUN: 68e1bf64-5b53-4499-9816-9d5eb5b3d032